Map: Backwater LE

Players

Mercenarie - Winner!

  • Race: Zerg Zerg
  • League: Diamond
  • Spawn Location: 5:00

Trizztein

  • Race: Terran Terran
  • League: Diamond
  • Spawn Location: 11:00

VOD

Have the link to the VOD?

Description

Time

  • Played on: Feb. 13, 2018, 7:40 p.m.
  • Length: 25:14
Show
View Real Time Build Order
Export as new Build Order

Mercenarie Zerg - Winner!

Build Orders: Hatch First, Muta Ling Bane 

Get SALT Encoding   

  12  0:01  Drone  
  13  0:12  Overlord  
  13  0:18  Drone  
  14  0:25  Extractor  
  14  0:26  Drone  
  15  0:48  Hatchery  
  15  0:49  Drone  
  15  0:53  Drone  
  15  0:56  Drone  
  17  1:11  Spawning Pool  
  17  1:16  Extractor  
  17  1:17  Drone  
  16  1:20  Drone  
  16  1:23  Drone  
  18  1:40  Drone  
  18  1:46  Overlord  
  19  1:57  Drone  
  19  1:58  Queen  
  19  2:00  Queen  
  24  2:02  Zergling x2  
  25  2:10  Drone  
  25  2:11  Drone  
  27  2:16  Drone  
  27  2:20  Metabolic Boost  
  28  2:23  Drone  
  28  2:41  Drone x3  
  31  2:58  Overlord  
  31  3:00  Hatchery  
  31  3:02  Drone x3  
  33  3:08  Overlord  
  33  3:14  Drone  
  33  3:15  Drone  
  33  3:16  Pneumatized Carapace  
  35  3:21  Drone x2  
  35  3:22  Drone x2  
  39  3:32  Queen  
  41  3:38  Extractor  
  41  3:39  Extractor  
  41  3:58  Zergling x6  
  41  4:02  Zergling x4  
  46  4:03  Zergling x2, Overlord  
  46  4:05  Overlord  
  46  4:06  Overlord  
  47  4:14  Overlord  
  47  4:23  Drone x5  
  47  4:24  Drone x4  
  55  4:26  Lair  
  55  4:28  Extractor, Drone  
  56  4:33  Extractor, Drone x2  
  56  4:34  Extractor  
  56  4:37  Overlord  
  56  4:39  Zergling x2  
  56  4:44  Spore Crawler  
  56  4:47  Drone x3  
  56  4:48  Spine Crawler  
  59  4:52  Drone  
  59  4:53  Drone x2  
  59  4:56  Drone  
  59  4:57  Baneling Nest  
  59  4:58  Drone x3  
  59  4:59  Drone  
  65  5:00  Queen x2  
  68  5:15  Zergling x2  
  68  5:16  Zergling x6  
  71  5:26  Zergling x12  
  74  5:34  Zergling x8  
  67  5:39  Zergling x4  
  67  5:40  Baneling  
  67  5:41  Baneling x3  
  67  5:45  Queen x2  
  62  5:51  Queen  
  53  6:12  Zergling x8  
  53  6:13  Zergling x16  
  65  6:20  Queen  
  67  6:39  Zergling x2  
  66  6:40  Zergling x16  
  66  6:44  Drone  
  73  6:51  Drone  
  73  6:53  Centrifical Hooks, Hatchery  
  72  6:55  Drone x2  
  72  6:56  Evolution Chamber  
  72  6:57  Evolution Chamber  
  72  6:58  Drone x3  
  72  6:59  Drone x2  
  77  7:14  Overlord  
  77  7:15  Overlord x3  
  77  7:17  Drone  
  77  7:19  Drone  
  77  7:20  Drone x2  
  77  7:21  Overlord x2  
  81  7:25  Zerg Melee Weapons Level 1, Zerg Ground Armor Level 1  
  81  7:29  Baneling x3  
  81  7:30  Baneling x5  
  81  7:48  Overlord x2  
  64  8:02  Overlord x3  
  64  8:03  Spire  
  63  8:08  Drone x2  
  63  8:09  Drone x3  
  63  8:10  Drone  
  69  8:17  Spore Crawler  
  69  8:19  Extractor x2, Drone x2  
  68  8:22  Drone  
  68  8:23  Spore Crawler  
  68  8:34  Drone  
  68  8:35  Drone x5  
  68  8:37  Overlord x2  
  68  8:38  Zergling x10  
  68  8:39  Zergling x2  
  68  8:41  Zergling x2, Hatchery  
  79  8:43  Zergling x6  
  79  8:46  Zergling x8  
  87  8:48  Zergling x6  
  87  8:49  Zergling x2  
  87  8:50  Zergling x2  
  87  8:53  Overseer  
  92  8:58  Baneling x7  
  92  8:59  Baneling x5  
  92  9:17  Mutalisk x8  
  108  9:33  Mutalisk  
  108  9:34  Mutalisk  
  112  9:49  Mutalisk x3  
  112  9:51  Zergling x12  
  112  9:52  Zergling x20  
  113  10:13  Mutalisk x4  
  117  10:36  Drone x2  
  117  10:37  Drone  
  120  10:42  Extractor  
  120  10:45  Extractor  
  118  10:59  Drone x2  
  118  11:00  Drone x7  
  118  11:01  Drone x5  
  118  11:02  Drone x3  
  118  11:03  Zergling x16  
  118  11:04  Zergling x8  
  147  11:14  Zerg Ground Armor Level 2, Zerg Melee Weapons Level 2  
  147  11:19  Infestation Pit  
  146  11:27  Spine Crawler  
  146  11:29  Spine Crawler  
  144  11:32  Zerg Flyer Armor Level 1  
  111  11:55  Zergling x18  
  111  11:56  Zergling x30  
  135  12:02  Hive  
  135  12:03  Zergling x12  
  135  12:04  Zergling x4  
  135  12:06  Pathogen Glands  
  135  12:07  Zergling x8  
  147  12:09  Zergling x8  
  151  12:21  Baneling x8  
  151  12:22  Baneling x17  
  151  12:23  Baneling x16  
  151  12:24  Baneling x13  
  151  12:25  Baneling  
  151  12:26  Baneling  
  151  12:27  Baneling  
  151  12:31  Zergling x10  
  151  12:32  Zergling x2  
  157  12:51  Infestor  
  157  12:52  Infestor x2  
  157  12:54  Infestor  
  165  13:11  Mutalisk x2  
  154  13:44  Greater Spire  
  154  13:46  Zergling x6  
  154  13:47  Zergling x48, Spire  
  154  13:48  Zergling x32  
  193  13:51  Zerg Ground Armor Level 3, Zerg Melee Weapons Level 3  
  196  13:56  Zergling x2  
  196  13:58  Overlord  
  196  13:59  Overlord x2  
  153  14:17  Zergling x2  
  153  14:18  Zergling x24  
  143  14:48  Hatchery  
  133  14:52  Extractor  
  133  14:53  Extractor, Corruptor  
  133  14:54  Corruptor x7  
  133  14:55  Corruptor  
  145  15:04  Zerg Flyer Weapons Level 1  
  145  15:07  Zerg Flyer Armor Level 2  
  145  15:12  Adrenal Glands  
  145  15:20  Drone x3  
  145  15:21  Drone x3  
  151  15:23  Drone x2  
  151  15:26  Baneling x8  
  151  15:27  Baneling x2  
  153  15:40  Brood Lord x3  
  159  15:45  Brood Lord  
  147  16:11  Brood Lord x2  
  147  16:12  Brood Lord x3  
  154  16:22  Zergling x18  
  154  16:23  Zergling x14  
  163  16:29  Zergling x2  
  163  16:30  Zergling x10  
  162  16:34  Drone x2  
  162  16:35  Drone  
  163  16:46  Corruptor x2  
  160  17:07  Zerg Flyer Weapons Level 2  
  151  17:22  Spine Crawler  
  137  17:29  Drone x3  
  136  17:30  Spine Crawler, Drone x8  
  136  17:31  Drone x5  
  136  17:32  Spine Crawler  
  146  17:41  Spine Crawler x2  
  146  17:42  Spine Crawler  
  128  17:53  Ultralisk Cavern  
  128  17:56  Viper  
  130  18:01  Drone  
  129  18:30  Corruptor x6  
  141  18:39  Zergling x6  
  141  18:40  Zergling x6  
  135  19:14  Infestor x3  
  135  19:15  Infestor x2  
  132  19:39  Drone  
  132  19:40  Drone x8  
  92  20:43  Ultralisk x2  
  92  20:44  Ultralisk x2  
  92  20:46  Chitinous Plating  
  108  21:12  Drone x3  
  108  21:13  Drone x5  
  116  21:20  Drone x5  
  116  21:21  Drone x2  
  102  22:06  Brood Lord x3  
  102  22:07  Brood Lord x2  
  112  22:08  Zergling x2  
  112  22:09  Zergling x30  
  112  22:10  Zergling x2  
  127  22:45  Zergling x10  
  127  22:46  Zergling x26  
  145  23:18  Hatchery  
  134  23:47  Overlord  
  134  23:48  Overlord  
  134  23:49  Overlord  
  134  23:50  Overlord  
  105  24:22  Corruptor x2  
  105  24:23  Zergling x2, Corruptor x3  
  105  24:24  Zergling x22  
  95  24:25  Zergling x10  
  110  24:42  Zergling x6  
  110  24:43  Zergling x6  
  134  25:09  Extractor  
Show
View Real Time Build Order
Export as new Build Order

Trizztein Terran 

Build Orders: Reaper Expand, Mech 

Get SALT Encoding   

  12  0:01  SCV  
  13  0:13  SCV  
  14  0:17  Supply Depot  
  14  0:25  SCV  
  15  0:38  SCV  
  15  0:40  Barracks  
  16  0:44  Refinery  
  16  0:50  SCV  
  17  1:02  SCV  
  18  1:15  SCV  
  19  1:27  Orbital Command  
  19  1:28  Reaper  
  20  1:43  Command Center  
  20  1:54  SCV  
  20  1:56  Supply Depot  
  20  2:00  Marine  
  22  2:09  Factory  
  22  2:11  SCV  
  23  2:17  Refinery  
  23  2:22  Barracks Reactor  
  23  2:23  SCV  
  24  2:35  SCV  
  25  2:47  SCV  
  25  2:50  Ghost Academy  
  26  2:56  Orbital Command  
  26  3:03  Hellion x2  
  26  3:04  SCV  
  31  3:05  Barracks Tech Lab  
  31  3:16  SCV  
  32  3:23  SCV  
  32  3:25  Hellion  
  32  3:26  Ghost  
  37  3:28  SCV  
  37  3:29  Hellion  
  40  3:35  SCV  
  40  3:39  Supply Depot  
  40  3:40  SCV  
  42  3:46  Hellion  
  42  3:47  SCV  
  45  3:54  Supply Depot  
  45  3:55  SCV  
  46  3:56  Supply Depot  
  46  4:00  Ghost  
  46  4:01  Hellion  
  50  4:05  SCV  
  50  4:07  SCV  
  52  4:15  Hellion  
  54  4:18  SCV  
  54  4:19  SCV  
  54  4:21  Supply Depot  
  54  4:22  Hellion  
  58  4:28  Ghost  
  60  4:34  SCV  
  61  4:42  SCV  
  61  4:44  Supply Depot x2  
  62  4:46  SCV  
  62  4:49  Hellion x2  
  67  4:54  SCV  
  67  4:58  SCV  
  68  5:10  Hellion x2  
  72  5:21  SCV  
  67  5:22  Supply Depot  
  67  5:25  SCV  
  60  5:30  Factory x2  
  60  5:31  Hellion x2  
  60  5:33  SCV  
  65  5:37  SCV  
  66  5:45  SCV  
  66  5:49  SCV  
  68  5:53  Hellion x2  
  66  5:57  SCV  
  66  6:01  SCV  
  68  6:05  Refinery  
  68  6:06  Refinery  
  68  6:09  SCV  
  60  6:13  SCV  
  60  6:15  Factory Tech Lab  
  60  6:16  Factory Tech Lab  
  60  6:17  Factory Reactor  
  59  6:18  Hellion  
  59  6:19  Hellion  
  59  6:20  Armory  
  59  6:21  SCV  
  62  6:26  SCV, Starport  
  63  6:33  SCV  
  63  6:38  SCV  
  63  6:39  Barracks Reactor  
  65  6:40  Hellion x2  
  65  6:45  SCV  
  62  6:47  Siege Tank  
  62  6:50  SCV  
  64  6:57  Hellion x2  
  64  6:58  SCV  
  71  7:01  Hellion, Infernal Pre-Igniter  
  71  7:02  SCV  
  72  7:10  SCV  
  72  7:13  Raven  
  72  7:14  SCV  
  76  7:22  SCV  
  77  7:23  Command Center  
  77  7:25  Hellion  
  77  7:26  Hellion x2, SCV  
  84  7:31  Terran Vehicle Weapons Level 1  
  84  7:32  Engineering Bay  
  84  7:39  Hellion  
  86  7:44  Thor  
  86  7:45  SCV  
  93  7:52  Supply Depot  
  93  7:54  Supply Depot  
  93  7:56  Medivac  
  85  7:59  Hellion x2  
  85  8:05  Supply Depot  
  89  8:07  SCV x2  
  89  8:10  Hellion  
  93  8:14  Hellion  
  93  8:19  SCV x2  
  97  8:20  Hellion x2  
  101  8:30  Hellion  
  101  8:31  Hellion  
  101  8:32  SCV x2, Refinery  
  107  8:35  Refinery  
  107  8:42  Missile Turret  
  107  8:44  Hellion x2, SCV x2  
  113  8:49  Orbital Command  
  113  8:53  Supply Depot  
  113  8:56  SCV, Supply Depot  
  113  8:57  Medivac  
  116  9:05  SCV  
  116  9:06  Hellion x2  
  116  9:08  SCV  
  122  9:17  SCV  
  122  9:19  Supply Depot  
  122  9:20  Supply Depot  
  124  9:24  SCV x2  
  124  9:25  Terran Vehicle And Ship Armor Level 1  
  124  9:26  Hellion x2  
  124  9:30  Hellion x3  
  135  9:32  Factory  
  135  9:34  Factory  
  135  9:35  SCV  
  136  9:40  SCV x2  
  136  9:44  Barracks Tech Lab  
  138  9:47  Hellion x2, SCV  
  138  9:49  Supply Depot  
  138  9:50  Hellion x8  
  143  9:53  Hellion x2  
  131  10:09  Hellion x2, Thor  
  117  10:19  Hellion x2  
  121  10:25  Factory Tech Lab  
  121  10:27  Missile Turret  
  117  10:29  Missile Turret  
  117  10:31  Missile Turret  
  117  10:32  Missile Turret x2  
  117  10:33  Hellion x2  
  117  10:38  Missile Turret  
  117  10:40  Hellion  
  117  10:41  Hellion, Missile Turret  
  119  10:43  Supply Depot  
  119  10:45  Thor  
  125  10:52  Hellion  
  125  10:56  SCV x2  
  129  11:01  Hellion  
  131  11:04  Command Center  
  131  11:06  Hellion x2  
  131  11:09  Hellion  
  135  11:12  SCV x2  
  137  11:18  Armory  
  137  11:19  Terran Vehicle Weapons Level 2  
  137  11:22  Hellion  
  139  11:32  Missile Turret  
  139  11:34  Hellion x2  
  139  11:37  Supply Depot  
  143  11:40  Supply Depot  
  143  11:42  Thor  
  149  11:49  Thor  
  149  11:52  SCV x2  
  151  11:55  Medivac  
  153  12:02  Thor  
  153  12:03  Hellion  
  153  12:08  Terran Vehicle And Ship Armor Level 2  
  161  12:25  Thor  
  161  12:29  Hellion x2  
  171  12:31  Thor  
  177  12:41  Planetary Fortress  
  177  12:44  Hellion x2  
  177  12:45  Thor  
  177  12:50  Hellion  
  189  12:52  Refinery  
  189  12:57  Refinery  
  189  13:00  Hellion  
  189  13:06  Hellion  
  189  13:07  Thor  
  189  13:08  Hellion  
  199  13:18  Factory x2  
  193  13:44  SCV, Command Center  
  193  13:45  SCV, Command Center  
  195  13:49  Command Center  
  195  13:56  Hellion x2  
  181  14:13  Hellion x4  
  139  14:17  Hellion x3  
  119  14:30  Hellion x2  
  123  14:34  Hellion x4  
  123  14:36  Terran Vehicle Weapons Level 3  
  123  14:37  Terran Ship Weapons Level 1  
  133  14:38  Hellion x2  
  133  14:39  Hellion  
  131  14:49  Missile Turret  
  131  14:50  Missile Turret  
  131  14:51  Hellion x2  
  133  14:58  Hellion  
  133  14:59  Hellion  
  131  15:01  SCV  
  131  15:09  Missile Turret  
  131  15:12  Hellion, Missile Turret  
  133  15:22  Hellion x2  
  133  15:23  Hellion x3  
  143  15:30  Hellion x2  
  147  15:36  Hellion x2  
  151  15:46  Hellion x2  
  151  15:47  Hellion x3  
  161  15:51  Hellion, Thor  
  169  15:58  Hellion x2  
  173  16:08  Hellion x4  
  165  16:12  Thor  
  167  16:22  Hellion  
  169  16:29  Hellion x4  
  171  16:34  Hellion  
  163  16:43  Hellion  
  165  16:50  Factory Reactor  
  165  16:51  Hellion x4  
  171  16:55  Siege Tank  
  171  16:56  Hellion  
  176  17:05  Hellion  
  174  17:12  Hellion x4  
  178  17:17  Hellion  
  178  17:26  Hellion  
  178  17:28  Hellion  
  174  17:31  Planetary Fortress  
  174  17:33  Hellion x3  
  174  17:34  Hellion  
  180  17:38  Hellion  
  184  17:44  Hellion x2  
  184  17:47  Hellion  
  184  17:49  Hellion  
  188  17:55  Hellion  
  186  18:01  SCV, Refinery  
  186  18:02  Hellion x4, Refinery  
  186  18:03  Orbital Command  
  197  18:05  Hellion  
  197  18:07  Missile Turret  
  191  18:13  Starport  
  191  18:23  Thor  
  181  18:27  Starport  
  181  18:33  Starport  
  173  18:34  Starport  
  173  18:40  Thor  
  171  18:47  Hellion x3  
  177  18:50  Viking x2  
  181  19:04  Viking x2  
  181  19:06  Thor  
  191  19:11  Hellion x2  
  187  19:20  Viking x2  
  187  19:28  Thor  
  187  19:30  Hellion  
  191  19:35  Hellion x2  
  185  19:40  Viking  
  183  19:49  Thor  
  183  19:51  Viking x3  
  191  19:55  Hellion  
  191  20:01  Viking  
  191  20:12  Viking x2  
  179  20:21  Hellion x2, Viking  
  179  20:22  Hellion  
  179  20:24  Viking  
  155  20:36  Thor  
  157  20:44  Viking x2  
  161  20:52  Hellion x2  
  163  20:59  Hellion, Viking  
  163  21:04  SCV  
  162  21:17  Hellion x3  
  168  21:22  Hellion x2  
  172  21:30  Factory Tech Lab x2  
  172  21:31  Terran Ship Weapons Level 2  
  172  21:39  Liberator  
  172  21:44  Orbital Command  
  154  21:54  Hellion  
  122  22:04  Thor  
  122  22:12  Hellion, Siege Tank x2  
  129  22:26  Hellion x4  
  121  22:32  Hellion, Siege Tank  
  109  22:40  Liberator x3  
  109  22:41  Liberator  
  103  22:45  Hellion x2  
  107  22:54  Siege Tank  
  113  23:09  Refinery  
  113  23:11  Refinery  
  113  23:17  Hellion  
  113  23:18  Hellion x2  
  119  23:20  Hellion  
  119  23:23  Command Center  
  119  23:28  Hellion x3  
  119  23:32  Hellion  
  119  23:36  Hellion x2  
  117  23:41  Hellion  
  117  23:42  SCV x2  
  115  24:06  Hellion x2  
  96  24:10  Siege Tank x2  
  96  24:11  Hellion x2  
  82  24:18  Hellion x2  
  82  24:22  Hellion  
Tags
 
Add a new tag
Caveats
  • Supply blocks, unpowered buildings, or Contaminate may cause inaccurate times.
  • Supply counts are checked every 10 seconds.